 Dungeon Crawl Stone Soup version 0.29.1-12-g30fa7ad0bf (webtiles) character file.

Game seed: 6522400581416330502

4781 melloss the Covert (level 10, -1/49 HPs)
             Began as a Spriggan Enchanter on Dec 23, 2022.
             Succumbed to a killer bee's poison
             ... on level 9 of the Dungeon.
             The game lasted 00:35:33 (10306 turns).

melloss the Covert (Spriggan Enchanter)            Turns: 10306, Time: 00:35:33

Health: -1/49      AC:  2    Str:  4    XL:     10   Next: 23%
Magic:  8/18       EV: 22    Int: 19    God:
Gold:   468        SH:  0    Dex: 18    Spells: 13/19 levels left

rFire   x . .      SeeInvis +   t - +2 short sword (venom)
rCold   + . .      Faith    .   (no shield)
rNeg    . . .      Spirit   .   b - +0 robe
rPois   .          Reflect  .   (helmet restricted)
rElec   .          Harm     .   (no cloak)
rCorr   .          Rampage  .   (gloves unavailable)
Will    ++...                   (boots unavailable)
Stlth   +++++.....              (no amulet)
HPRegen 0.16/turn               h - ring of willpower
MPRegen 0.16/turn               n - ring of ice

@: lethally poisoned (-1 -> -12), hasted, very quick
A: very small, no large weapons, unfitting armour, see invisible, speed 3
a: no special abilities


You were on level 9 of the Dungeon.
You visited 2 branches of the dungeon, and saw 10 of its levels.

You collected 468 gold pieces.

Inventory:

Hand Weapons
 a - a +1 dagger
 g - a +1 spear of distortion
 t - a +2 short sword of venom (weapon)
 v - a +2 whip of venom
 z - a +2 whip of freezing
 F - a +3 shortbow
 L - a +4 quarterstaff of chaos
 M - a +1 dagger of flaming
 O - a +0 hand axe of freezing
 P - a +0 whip of distortion
Missiles
 w - 3 curare-tipped darts
 x - 23 poisoned darts
Armour
 b - a +0 robe (worn)
 J - an orb of energy
Magical Staves
 E - a staff of poison
Jewellery
 h - a ring of willpower (left hand)
 i - a ring of positive energy
 n - a ring of ice (right hand)
Wands
 f - a wand of acid (8)
 y - a wand of digging (4)
Scrolls
 j - 5 scrolls of teleportation
 k - 2 scrolls of enchant armour {unknown}
 o - a scroll of identify
 p - 3 scrolls of butterflies {unknown}
 q - 2 scrolls of noise {unknown}
 r - 2 scrolls of vulnerability {unknown}
 u - 5 scrolls of magic mapping
 B - 2 scrolls of fear
 I - a scroll of enchant weapon {unknown}
 K - a scroll of torment {unknown}
 Q - a scroll of summoning {unknown}
Potions
 c - 3 potions of invisibility
 e - 4 potions of curing
 l - 3 potions of might {unknown}
 m - 2 potions of brilliance {unknown}
 s - 2 potions of haste
 A - 2 potions of berserk rage {unknown}
 C - a potion of flight {unknown}
 D - a potion of lignification {unknown}
 G - 2 potions of attraction {unknown}
 H - a potion of degeneration {unknown}
 N - a potion of magic {unknown}


   Skills:
 - Level 3.0 Fighting
 + Level 7.5 Short Blades
 - Level 1.0 Armour
 - Level 8.0 Dodging
 + Level 11.2 Stealth
 - Level 5.0 Spellcasting
 - Level 8.0 Hexes
 - Level 5.0 Ice Magic


You had 13 spell levels left.
You knew the following spells:

 Your Spells              Type           Power      Damage    Failure   Level
a - Ensorcelled Hibernat  Hex/Ice        88%        N/A       1%          2
b - Freeze                Ice            100%       1d11      1%          1
c - Confusing Touch       Hex            35%        N/A       1%          3

Your spell library contained the following spells:

 Spells                   Type           Power      Damage    Failure   Level
 Tukima's Dance           Hex            35%        N/A       1%          3
 Frozen Ramparts          Ice            70%        1d11      4%          3
 Dazzling Flash           Conj/Hex       38%        N/A       7%          3
 Beastly Appendage        Tmut           8%         N/A       12%         1
 Sublimation of Blood     Necr           4%         N/A       19%         2
 Wereblood                Tmut           4%         N/A       19%         2
 Spider Form              Tmut/Pois      4%         N/A       36%         3
 Hailstorm                Conj/Ice       21%        3d6       41%         4
 Summon Hydra             Summ           2%         N/A       100%        7


Dungeon Overview and Level Annotations

Branches:
Dungeon (9/15)             Temple (1/1) D:4
   Lair: D:8-11         Orc: D:9-12

Altars:
Ashenzari
Cheibriados
Elyvilon
Fedhas
Gozag
Hepliaklqana
Makhleb
Nemelex Xobeh
Okawaru
Qazlal
Ru
Sif Muna
Trog
Uskayaw
Vehumet
Wu Jian
Xom
Yredelemnul
Zin
The Shining One

Shops:
D:4 *   D:6 *   D:7 ?


Innate Abilities, Weirdness & Mutations

You are very small and have problems with some larger weapons.
You are too small for most types of armour.
You have supernaturally acute eyesight. (SInv)
You cover ground extremely quickly. (Speed+++)


Message History

You kill the killer bee!
You feel sick.
The killer bee closely misses itself.
You feel better.
The killer bee stings the two-headed ogre.
The killer bee stings the two-headed ogre!
You feel yourself speed up.
The killer bee stings the two-headed ogre.
Casting: Ensorcelled Hibernation (safe; 1% risk of failure)
Confirm with . or Enter, or press ? or * to list all spells.
Aiming: Ensorcelled Hibernation (safe; 1% risk of failure)
Press: ? - help, Shift-Dir - straight line, f - you That would be overly suicidal.
Okay, then.
Casting: Ensorcelled Hibernation (safe; 1% risk of failure)
Confirm with . or Enter, or press ? or * to list all spells.
Aiming: Ensorcelled Hibernation (safe; 1% risk of failure)
Press: ? - help, Shift-Dir - straight line, f - two-headed ogre
Aim: a two-headed ogre, wielding two +0 giant clubs (lightly wounded, not susceptible)
You feel a surge of power!
The two-headed ogre is unaffected.
The two-headed ogre hits you with a +0 giant club!!
Ouch! That really hurt!
* * * LOW HITPOINT WARNING * * *
The two-headed ogre completely misses you.
You hear an angry buzzing noise.
Things that are here:
a +0 short sword; a +0 chain mail; an orc corpse
Things that are here:
a +0 club; an orc corpse You barely miss the killer bee.
The killer bee completely misses you.
You hit the killer bee but do no damage.
The killer bee is poisoned.
The killer bee seems less confused.
The killer bee stings you.
* * * LOW HITPOINT WARNING * * *
You barely miss the killer bee.
The killer bee is lightly wounded.
The killer bee barely misses you. The killer bee stings you.
* * * LOW HITPOINT WARNING * * *
You are lethally poisoned!
The killer bee poisons you!
You die...

...# ##†## .#.# #...#
y# ######...# #
.....#...# #.
#.##.##.##
##.####.##.##O# .
..##.##.##.#
#.#.##.##.##y#
#.#.#.....y)@########
#.........###.......##
###.########.........#
#..:# #.).....>...
#...# #>........#.
#...# #........##
#...# #.....##.# #...#
##..... ...
######...##### #.:....
..


You could see a two-headed ogre and 2 killer bees.

Vanquished Creatures
  A hornet (D:9)
  6 yaks (D:8)
  A water moccasin (D:6)
  An orc warrior (D:9)
  A black bear (D:5)
  An ice beast (D:7)
  4 ogres
  5 centaurs
  A kobold brigand (D:8)
  Blork the orc (D:4)
  2 scorpions
  4 bullfrogs
  A wyvern zombie (D:6)
  2 water moccasin zombies (D:6)
  18 killer bees
  A centaur zombie (D:6)
  2 hounds (D:6)
  A bullfrog skeleton (D:6)
  3 jellies
  Crazy Yiuf (D:7)
  7 orc priests
  Jessica (D:2)
  9 iguanas
  6 orc wizards
  4 gnolls (D:4)
  10 adders
  2 shadow imps
  2 white imps (D:7)
  A worm (D:2)
  A dart slug (D:5)
  26 orcs
  5 ball pythons
  5 endoplasms
  5 giant cockroaches
  15 goblins
  12 hobgoblins
  3 jackals (D:4)
  7 kobolds
  2 quokkas (D:2)
  A bat (D:2)
  4 frilled lizards
  2 rats
187 creatures vanquished.

Vanquished Creatures (others)
  3 withered plants (D:6)
3 creatures vanquished.

Grand Total: 190 creatures vanquished

Notes
Turn   | Place    | Note
-------+----------+-------------------------------------------
     0 | D:1      | melloss the Spriggan Enchanter began the quest for the Orb.
     0 | D:1      | Reached XP level 1. HP: 9/9 MP: 5/5
   226 | D:1      | Found a faded altar of an unknown god.
   445 | D:1      | Reached XP level 2. HP: 13/13 MP: 6/6
   448 | D:1      | Reached skill level 5 in Stealth
   452 | D:1      | Learned a level 2 spell: Ensorcelled Hibernation
   965 | D:1      | Learned a level 1 spell: Freeze
  1296 | D:2      | Reached XP level 3. HP: 14/16 MP: 2/8
  1559 | D:2      | Found a basalt altar of Yredelemnul.
  1561 | D:2      | Noticed Jessica
  1568 | D:2      | Killed Jessica
  1569 | D:2      | Reached skill level 6 in Stealth
  1614 | D:2      | Reached XP level 4. HP: 21/21 MP: 9/9
  1671 | D:3      | Found a broken altar of Ashenzari.
  1987 | D:3      | Found an opulent altar of Gozag.
  1989 | D:3      | Found a sparkling altar of Nemelex Xobeh.
  1993 | D:3      | Found a white marble altar of Elyvilon.
  2419 | D:3      | Reached skill level 5 in Dodging
  2521 | D:4      | Found an ornate altar of the Wu Jian Council.
  2542 | D:4      | Reached skill level 7 in Stealth
  2614 | D:4      | Noticed Blork the orc
  2633 | D:4      | Killed Blork the orc
  2634 | D:4      | Reached skill level 8 in Stealth
  2634 | D:4      | Reached XP level 5. HP: 21/24 MP: 10/10
  2657 | D:4      | Reached skill level 1 in Ice Magic
  2993 | D:4      | Reached XP level 6. HP: 18/28 MP: 4/11
  3051 | D:4      | Found Nalatsiv's Elemental Accessories.
  4314 | D:4      | Reached XP level 7. HP: 32/32 MP: 9/14
  4403 | D:4      | Found a staircase to the Ecumenical Temple.
  4415 | Temple   | Entered the Ecumenical Temple
  4830 | D:5      | Entered Level 5 of the Dungeon
  4849 | D:5      | Reached skill level 5 in Spellcasting
  5299 | D:5      | Reached skill level 1 in Fighting
  5303 | D:5      | Reached skill level 1 in Armour
  5303 | D:5      | Reached XP level 8. HP: 30/37 MP: 16/16
  5475 | D:5      | Reached skill level 5 in Ice Magic
  6218 | D:6      | Reached skill level 5 in Short Blades
  6644 | D:6      | Reached skill level 5 in Hexes
  6715 | D:6      | Learned a level 3 spell: Confusing Touch
  6796 | D:6      | Found Tono's General Store.
  7231 | D:6      | Reached XP level 9. HP: 26/41 MP: 12/17
  7556 | D:7      | Found a glowing silver altar of Zin.
  7613 | D:7      | Found Viwaorph's Magic Scroll Shop.
  8230 | D:7      | Found a runed translucent door.
  8231 | D:7      | Noticed Crazy Yiuf
  8238 | D:7      | Killed Crazy Yiuf
  8912 | D:8      | Identified the +1 ring mail of the Holding Gods {+Inv Dex+9
                  | SInv Stlth-}
  8957 | D:8      | Reached skill level 9 in Stealth
  9228 | D:8      | Reached skill level 10 in Stealth
  9338 | D:8      | Identified the +1 leather armour of Disappointment {rN+}
  9484 | D:8      | Reached XP level 10. HP: 27/49 MP: 9/18
  9682 | D:8      | Found a hide-covered altar of Uskayaw.
  9864 | D:9      | Noticed a two-headed ogre
 10159 | D:9      | Reached skill level 11 in Stealth
 10228 | D:9      | Found a burning altar of Makhleb.
 10281 | D:9      | HP: 2/49 [poisoned by a killer bee]
 10305 | D:9      | HP: 1/49 [killer bee (3)]
 10306 | D:9      | Succumbed to a killer bee's poison

Illustrated notes

Levels and vault maps discovered:
D:1:      eino_arrival_druids_welcome, layout_loops_cross,
          ebering_ecumenical_altar_webs, grunt_decor_resistance, fountainhead,
          dreamdust_princess_bridge
D:2:      minmay_door_path, layout_rooms, basic_altar, kennysheep_crisscross,
          lightli_corner_chamber, uniq_jessica
D:3:      layout_rooms, mainiacjoe_overflow_paths, grunt_temple_overflow_open
D:4:      corexii_shantytown, layout_loops_ring,
          mainiacjoe_overflow_tiny_flanked, minmay_temple_entry_nine_rooms,
          nicolae_elemental_shop, uniq_blork_the_orc
D:5:      layout_basic
D:6:      layout_basic, serial_undead, serial_undead_b, serial_undead_b,
          serial_undead_d, serial_undead_a, serial_shops,
          nicolae_shop_temple_entry_statues_fountains,
          minmay_misc_feat_secret_circle
D:7:      layout_loops_ring, zin_statuary, serial_shops, nicolae_shop_crystal,
          uniq_crazy_yiuf_cottage
D:8:      layout_basic, nicolae_uskayaw_dance_studio, dk_vineyard_3,
          moated_statue, kennysheep_diamond, lemuel_flamethrower_2
D:9:      layout_loops_cross, mainiacjoe_overflow_surrounded_room,
          kennysheep_boxes
Temple:   chequers_temple_sunken

Skill      XL: |  1  2  3  4  5  6  7  8  9 10 |
---------------+-------------------------------+-----
Dodging        | 3 4 5 8 |  8.0
Stealth        | 5 6 8 10 11 | 11.2
Spellcasting   | 3 4 5 |  5.0
Ice Magic      | 1 3 4 5 |  5.0
Fighting       | 1 3 |  3.0
Short Blades   | 2 5 6 7 |  7.5
Armour         | 1 |  1.0
Hexes          | 7 8 |  8.0

Action                   |  1- 3 |  4- 6 |  7- 9 | 10-12 || total
-------------------------+-------+-------+-------+-------++-------
Melee: Dagger            |    46 |    29 |       |       ||    75
       Short sword       |       |    68 |   238 |    58 ||   364
       Punch             |       |       |     1 |       ||     1
 Cast: Ensorcelled Hiber |     6 |    26 |    44 |    19 ||    95
       Freeze            |     1 |     1 |     4 |       ||     6
       Confusing Touch   |       |       |    12 |     2 ||    14
Evoke: Wand              |       |       |       |     1 ||     1
  Use: Scroll            |       |       |     9 |       ||     9
       Potion            |       |       |     4 |     3 ||     7
 Stab: Sleeping          |    19 |    43 |    46 |    16 ||   124
       Confused          |       |       |    12 |     2 ||    14
Armor: Robe              |     3 |     4 |    14 |     5 ||    26
Dodge: Dodged            |    28 |    75 |   181 |    43 ||   327
